 Dungeon Crawl Stone Soup version 0.26.1-2-gb8aa6d0cf2 (webtiles) character file.

Game seed: 16899492138686789824

276770 Revguard the Warrior (level 20, -4/136 HPs)
             Began as a Gargoyle Fighter on Mar 3, 2021.
             Was an Initiate of Gozag.
             Slain by a deep elf blademaster
             ... wielding a +0 rapier
              (8 damage)
             ... on level 3 of the Elven Halls.
             The game lasted 02:03:38 (43500 turns).

Revguard the Warrior (Gargoyle Fighter)            Turns: 43500, Time: 02:03:39

Health: -4/136     AC: 53    Str: 31    XL:     20   Next: 38%
Magic:  15/20      EV: 12    Int: 14    God:    Gozag
Gold:   2132       SH: 22    Dex: 24    Spells: 19/19 levels left

rFire    + + .     SeeInvis +   u - +12 mace of the Howling Hawk {vorpal, rF+}
rCold    x . .     Faith    .   c - +5 kite shield
rNeg     + . .     Spirit   .   n - +9 plate armour of a sewer {Int+2 Slay+2}
rPois    ∞         Reflect  .   I - +1 helmet of Philately {SInv}
rElec    +         Harm     .   w - +0 cloak "Zelyix" {rPois Will++ Str+3 Stlth+}
rCorr    .         Rampage  .   U - +2 pair of gloves
Will     +++..     Clarity  +   J - +4 pair of boots of the Harp {Str+3 Dex+2}
Stlth    ..........             m - amulet "Ihisseqa" {RegenMP rF+ rC- Str+4 Int+2}
HPRegen  0.32/turn              Y - +4 ring of slaying
MPRegen  0.42/turn              N - +6 ring of dexterity

@: no status effects
A: big wings, agile 1, clarity, negative energy resistance 1, electricity
resistance, weak 1, unbreathing, evolution 1, petrification resistance, miasma
immunity, MP-powered wands, AC +15
}: 2/15 runes: barnacled, gossamer
a: Fly, Renounce Religion, Potion Petition, Call Merchant, Bribe Branch


You were on level 3 of the Elven Halls.
You worshipped Gozag.
Gozag was most pleased with you.
You visited 7 branches of the dungeon, and saw 35 of its levels.
You also visited: Bailey and Gauntlet.

You collected 14073 gold pieces.
You spent 3272 gold pieces at shops.
You paid 8669 gold pieces to Gozag.

Inventory:

Hand Weapons
 h - the +6 hand axe "Buanumil" {vorpal, *Noise Dex+4}
   (You found it on level 5 of the Dungeon)

   It inflicts extra damage upon your enemies.
   It affects your dexterity (+4).
   It may make noises in combat.
 u - the +12 mace of the Howling Hawk (weapon) {vorpal, rF+}
   (You bought it in a shop on level 4 of the Lair of Beasts)

   It inflicts extra damage upon your enemies.
   It protects you from fire.
Armour
 c - a +5 kite shield (worn)
 n - the +9 plate armour of a sewer (worn) {Int+2 Slay+2}
   (You bought it in a shop on level 2 of the Orcish Mines)

   It affects your intelligence (+2).
   It affects your accuracy and damage with ranged weapons and melee attacks
   (+2).
 w - the +0 cloak "Zelyix" (worn) {rPois Will++ Str+3 Stlth+}
   (You found it in a Gauntlet)

   It affects your strength (+3).
   It protects you from poison.
   It affects your willpower, your defense against some magical effects.
   It makes you more stealthy.
 A - a scarf of resistance
 I - the +1 helmet of Philately (worn) {SInv}
   (You bought it in a shop on level 4 of the Lair of Beasts)

   It lets you see invisible.
 J - the +4 pair of boots of the Harp (worn) {Str+3 Dex+2}
   (You found it on level 6 of the Lair of Beasts)

   It affects your strength (+3).
   It affects your dexterity (+2).
 U - a +2 pair of gloves (worn)
Jewellery
 d - the macabre finger necklace {rN+}
   (You took it off a minotaur in a Gauntlet)

   [amulet of nothing]

   It protects you from negative energy.
 l - an uncursed ring of ice
 m - the amulet "Ihisseqa" (around neck) {RegenMP rF+ rC- Str+4 Int+2}
   (You found it in a Gauntlet)

   [amulet of magic regeneration]

   It increases your magic regeneration.
   It affects your strength (+4).
   It affects your intelligence (+2).
   It protects you from fire.
   It makes you vulnerable to cold.
 t - an uncursed amulet of reflection
 z - an uncursed ring of resist corrosion
 H - an uncursed ring of fire
 L - an uncursed amulet of regeneration
 N - a +6 ring of dexterity (right hand)
 T - a +6 ring of strength
 X - an uncursed ring of wizardry {unknown}
 Y - a +4 ring of slaying (left hand)
Wands
 a - a wand of disintegration (8)
 b - a wand of polymorph (7)
 p - a wand of flame (96)
 x - a wand of paralysis (3)
 D - a wand of digging (5)
 E - a wand of random effects (50)
 Q - a wand of enslavement (15)
 W - a wand of acid (7)
Scrolls
 e - 14 scrolls of identify
 g - 12 scrolls of enchant weapon
 i - 18 scrolls of remove curse
 j - a scroll of enchant armour
 o - 2 scrolls of silence
 q - 8 scrolls of fog
 r - 8 scrolls of amnesia
 v - 16 scrolls of teleportation
 B - 7 scrolls of magic mapping
 M - a scroll of fear
 R - a scroll of holy word
Potions
 f - 4 potions of attraction
 k - 2 potions of might
 s - 2 potions of resistance
 C - 6 potions of cancellation
 F - 6 potions of brilliance
 G - 10 potions of curing
 K - 8 potions of ambrosia
 O - 2 potions of haste
 S - 6 potions of magic
 V - a potion of mutation
Miscellaneous
 y - a phial of floods (inert)
 P - a phantom mirror


   Skills:
 * Level 18.3 Fighting
 + Level 14.5(15.1) Axes
 + Level 8.3(12.9) Maces & Flails
 + Level 1.9 Throwing
 + Level 12.9 Armour
 + Level 4.8 Dodging
 + Level 18.0 Shields
 * Level 13.7 Evocations


You had 19 spell levels left.
You didn't know any spells.
Your spell library contained the following spells:

 Spells                   Type           Power        Failure   Level
 Corona                   Hex            0%           86%         1
 Foxfire                  Conj/Fire      0%           86%         1
 Magic Dart               Conj           0%           86%         1
 Shock                    Conj/Air       0%           86%         1
 Summon Small Mammal      Summ           0%           86%         1
 Call Imp                 Summ           0%           94%         2
 Ensorcelled Hibernation  Hex/Ice        0%           94%         2
 Passwall                 Tmut/Erth      0%           94%         2
 Searing Ray              Conj           0%           94%         2
 Slow                     Hex            0%           94%         2
 Swiftness                Air            0%           94%         2
 Call Canine Familiar     Summ           0%           99%         3
 Confusing Touch          Hex            0%           99%         3
 Dazzling Flash           Conj/Hex       0%           99%         3
 Gell's Gravitas          Tloc           0%           99%         3
 Ignite Poison            Fire/Tmut/Pois 0%           99%         3
 Inner Flame              Hex/Fire       0%           99%         3
 Mephitic Cloud           Conj/Pois/Air  0%           99%         3
 Portal Projectile        Hex/Tloc       0%           99%         3
 Summon Guardian Golem    Hex/Summ       0%           99%         3
 Tukima's Dance           Hex            0%           99%         3
 Animate Dead             Necr           0%           100%        4
 Cause Fear               Hex            0%           100%        4
 Fulminant Prism          Conj/Hex       0%           100%        4
 Iskenderun's Mystic Bla  Conj/Tloc      0%           100%        4
 Leda's Liquefaction      Hex/Erth       0%           100%        4
 Passage of Golubria      Tloc           N/A          100%        4
 Petrify                  Tmut/Erth      0%           100%        4
 Summon Ice Beast         Ice/Summ       0%           100%        4
 Summon Lightning Spire   Summ/Air       0%           100%        4
 Bolt of Magma            Conj/Fire/Erth 0%           100%        5
 Borgnjor's Vile Clutch   Necr/Erth      0%           100%        5
 Iskenderun's Battlesphe  Conj           0%           100%        5
 Lee's Rapid Deconstruct  Erth           0%           100%        5
 Metabolic Englaciation   Hex/Ice        0%           100%        5
 Silence                  Hex/Air        0%           100%        5
 Yara's Violent Unravell  Hex/Tmut       0%           100%        5
 Death Channel            Necr           0%           100%        6
 Invisibility             Hex            0%           100%        6
 Iron Shot                Conj/Erth      0%           100%        6
 Simulacrum               Ice/Necr       0%           100%        6
 Orb of Destruction       Conj           0%           100%        7
 Spellforged Servitor     Conj/Summ      0%           100%        7


Dungeon Overview and Level Annotations

Branches:
Dungeon (15/15)            Temple (1/1) D:5            Lair (6/6) D:11
 Shoals (4/4) Lair:4       Spider (4/4) Lair:2        Slime (0/5) Lair:6
    Orc (2/2) D:11            Elf (3/3) Orc:2        Vaults (0/5) D:14
 Depths (0/5) D:15         Bailey (visited)         Gauntlet (visited)

Altars:
Ashenzari
Cheibriados
Elyvilon
Fedhas
Gozag
Hepliaklqana
Nemelex Xobeh
Qazlal
Ru
Trog
Uskayaw
Wu Jian
Xom
Yredelemnul
Beogh
Jiyva

Shops:
Orc:2 [([=*   Elf:1 :   Elf:2 (   Lair:4 [(   Shoals:3 =

Annotations:
Elf:2 2 runed translucent doors


Innate Abilities, Weirdness & Mutations

You are resistant to torment.
Your stone body is resilient. (AC +15)
You are immune to poison.
Your large and strong wings let you fly indefinitely.
You resist negative energy. (rN+)
You are resistant to electric shocks. (rElec)
You can survive without breathing.
You are immune to petrification.
You are immune to miasma.
You are agile. (Dex +2)
You possess an exceptional clarity of mind.
You are weak. (Str -2)
You evolve.
You expend magic power (3 MP) to strengthen your wands.


Message History

The acid corrodes the deep elf demonologist!
The deep elf demonologist is severely wounded.
You block the deep elf blademaster's attack.
The deep elf blademaster hits you but does no damage.
The deep elf demonologist mumbles some strange words.
The deep elf annihilator gestures at you while chanting.
The crystal spear hits you!!!
* * * LOW HITPOINT WARNING * * *
As you read the scroll of fear, it crumbles to dust.
You assume a fearsome visage.
The Tzitzimitl is unaffected.
The deep elf blademaster resists with almost no effort.
The deep elf demonologist looks frightened!
The deep elf annihilator resists with almost no effort. x2
You block the deep elf blademaster's attack. x2
The deep elf demonologist casts a spell.
The deep elf annihilator casts a spell at you.
You block the iron shot.
The deep elf blademaster hits you with a +0 rapier!
You die...
Your body crumbles into a pile of gold.

.###.(.......(.)........#
#.#
......##.#((.##.......#.#
#.#
..###.##(.....###....##.#
#.# .........#...##
#....##.###.#
....#.#####.##
####.....)..# ###...# #.#
###....#### #.### #.#
#........# #. #+#
####.$...$..# .
#@e)().(((..# #.
#e##........# #
#(########### #.......#
#......e......#
e....1..e#.....
............... $$
.####.....####. $$ $$
####### $$


You could see a Tzitzimitl (summoned), a deep elf blademaster, 2 deep elf
annihilators and a deep elf demonologist (empowered, fleeing, corroded).

Vanquished Creatures
  Saint Roka (Orc:2)
  Nikola (Shoals:1)
  Arachne (Spider:3)
  Jorgrun (Orc:1)
  A deep elf blademaster (Elf:3)
  Polyphemus (Shoals:3)
  Gastronok (Lair:1)
  A kraken (Shoals:1)
  Frances (Spider:2)
  2 ghost moths (Spider:4)
  3 deep elf sorcerers (Elf:3)
  7 emperor scorpions
  A cacodemon (Gauntlet)
  A stone giant (Orc:2)
  A deep elf demonologist (Elf:3)
  2 spark wasps
  3 deep elf annihilators
  2 entropy weavers
  A minotaur (Gauntlet)
  5 merfolk javelineers
  A deep elf death mage (Elf:3)
  6 merfolk impalers
  2 ettins
  3 deep elf high priests
  Josephine (D:15)
  Fannar (D:10)
  7 hydras
  2 centaur warriors
  The ghost of acidrain333 the Nimble, a journeyman DEVM of Sif Muna (D:11)
  3 catoblepae
  4 boulder beetles
  5 merfolk avatars
  4 alligator snapping turtles
  12 two-headed ogres
  4 merfolk aquamancers
  11 death yaks
  4 satyrs (Shoals:4)
  A death knight (D:14)
  A deep troll shaman (Lair:6)
  An ogre mage (D:15)
  Urug (D:11)
  5 orc high priests (Orc:2)
  12 deep elf knights
  A soul eater (Gauntlet)
  2 fire crabs
  A deep troll (D:15)
  8 sea snakes
  A wizard (Elf:2)
  4 unseen horrors
  2 deep elf archers
  Pikel (D:6)
  A phantasmal warrior (D:14)
  6 orc knights
  12 harpies
  A wolf spider zombie (D:13)
  3 ugly things
  36 deep elf magi
  2 oklob plants (Lair:4)
  26 wolf spiders
  13 orb spiders
  4 orc sorcerers
  15 fauns
  3 cyclopes
  A moth of wrath (Spider:4)
  6 manticores
  13 merfolk sirens
  A guardian serpent (D:13)
  6 black mambas
  23 elephants
  6 water nymphs
  Psyche (D:10)
  4 torpor snails
  3 gargoyles
  Maggie (D:6)
  7 cane toads
  6 rime drakes
  10 komodo dragons
  16 demonic crawlers
  3 freezing wraiths (D:14)
  2 tengu conjurers (D:12)
  10 trolls
  A troll (shapeshifter) (D:15)
  3 wind drakes
  14 merfolk
  10 hornets
  35 jumping spiders
  A queen bee (Spider:1)
  2 polar bears (Lair:6)
  8 blink frogs (Lair:5)
  6 meliai
  5 snapping turtles
  10 dream sheep
  48 redbacks
  An air elemental (Elf:2)
  30 tarantellas
  4 wraiths
  A shadow (D:14)
  9 water elementals
  3 wyverns
  A basilisk (D:12)
  2 fire bats (Gauntlet)
  53 yaks
  A fire elemental (Elf:2)
  10 vampire mosquitoes
  A steam dragon (Lair:5)
  4 neqoxecs
  7 wargs
  Edmund (D:6)
  19 water moccasins
  58 orc warriors
  5 ice beasts
  3 black bears
  A phantom (D:5)
  16 ogres
  5 sky beasts
  A boggart (Elf:2)
  11 centaurs
  A necrophage (D:9)
  27 wolves
  3 lemures (D:6)
  4 big kobolds
  15 bullfrogs
  2 earth elementals
  10 scorpions
  17 killer bees
  8 howler monkeys
  38 wights
  3 electric eels
  2 bullfrog zombies
  3 centaur zombies
  3 quasits (D:11)
  A bullfrog skeleton (D:13)
  3 hounds
  2 gnoll shamans
  38 orc priests
  4 jellies
  7 centaur skeletons
  12 worker ants
  4 iguanas
  29 orc wizards
  5 hell rats (Lair:6)
  2 hound skeletons
  A howler monkey zombie (D:5)
  2 worker ant zombies
  25 gnolls
  13 adders
  9 shadow imps
  3 white imps
  2 ufetubi (D:5)
  An ooze (D:5)
  3 adder skeletons
  2 worms
  A dart slug (D:1)
  13 leopard geckos
  127 orcs
  10 giant cockroaches
  11 goblins
  21 hobgoblins
  13 jackals
  6 quokkas
  2 ball pythons (D:5)
  14 bats
  2 frilled lizards
  A jackal skeleton (D:7)
  32 kobolds
  A quokka skeleton (D:8)
  A quokka zombie (D:9)
  4 rats
  A tentacle (Shoals:1)
1344 creatures vanquished.

Vanquished Creatures (collateral kills)
  A catoblepas (Shoals:3)
  A tengu conjurer (D:15)
  A hornet (Spider:4)
3 creatures vanquished.

Vanquished Creatures (others)
  25 dancing weapons
  2 deep elf magi
  2 merfolk
  A boggart (Elf:2)
  An orc (Orc:1)
  A kobold (D:10)
  49 fungi
  193 plants
  10 tentacles (Shoals:1)
  14 withered plants (Gauntlet)
298 creatures vanquished.

Grand Total: 1645 creatures vanquished

Notes
Turn   | Place    | Note
-------+----------+-------------------------------------------
     0 | D:1      | Revguard the Gargoyle Fighter began the quest for the Orb.
     0 | D:1      | Reached XP level 1. HP: 14/14 MP: 1/1
   162 | D:1      | Reached XP level 2. HP: 19/19 MP: 2/2
   496 | D:1      | Reached skill level 1 in Throwing
   655 | D:1      | Reached XP level 3. HP: 22/23 MP: 3/3
  1050 | D:2      | You fall into a shaft and drop 1 floor!
  1266 | D:3      | Reached XP level 4. HP: 20/29 MP: 4/4
  2071 | D:4      | Reached skill level 1 in Evocations
  2071 | D:4      | Reached XP level 5. HP: 33/33 MP: 5/5
  2308 | D:4      | Reached skill level 1 in Dodging
  2566 | D:4      | Reached XP level 6. HP: 33/38 MP: 6/6
  3096 | D:4      | Gained mutation: Armour fits poorly on your strangely
                  | shaped body. [potion of mutation]
  3096 | D:4      | Gained mutation: You are partially covered in icy blue
                  | scales. (AC +2) [potion of mutation]
  3096 | D:4      | Gained mutation: You expend magic power (3 MP) to
                  | strengthen your wands. [potion of mutation]
  3150 | D:5      | Entered Level 5 of the Dungeon
  3219 | D:5      | Found a staircase to the Ecumenical Temple.
  3232 | Temple   | Entered the Ecumenical Temple
  3257 | Temple   | Became a worshipper of Gozag Ym Sagoz the Greedy
  3279 | D:5      | Noticed a sky beast
  3304 | D:5      | Killed a sky beast
  3305 | D:5      | Reached XP level 7. HP: 43/43 MP: 7/7
  3449 | D:5      | Reached skill level 5 in Shields
  3828 | D:5      | Got a twisted hand axe
  3829 | D:5      | Identified the +6 hand axe "Buanumil" {vorpal, *Noise
                  | Dex+4} (You found it on level 5 of the Dungeon)
  4157 | D:5      | Reached XP level 8. HP: 48/48 MP: 8/8
  4167 | D:5      | Reached skill level 1 in Axes
  4470 | D:6      | Reached skill level 5 in Armour
  4522 | D:6      | Noticed Maggie
  4538 | D:6      | Killed Maggie
  4958 | D:6      | Found a stormy altar of Qazlal.
  5037 | D:6      | Noticed Pikel
  5064 | D:6      | Killed Pikel
  5065 | D:6      | Reached XP level 9. HP: 4/53 MP: 5/9
  5206 | D:6      | Noticed Edmund
  5215 | D:6      | Killed Edmund
  5216 | D:6      | Reached skill level 5 in Fighting
  5749 | D:7      | Reached skill level 5 in Axes
  5852 | D:7      | Noticed a brown ugly thing
  5873 | D:7      | Killed a brown ugly thing
  5874 | D:7      | Reached skill level 5 in Evocations
  6358 | D:7      | Reached XP level 10. HP: 60/60 MP: 10/10
  8577 | D:10     | Entered Level 10 of the Dungeon
  9668 | D:10     | Noticed Psyche
  9677 | D:10     | Killed Psyche
  9815 | D:10     | Found a bloodstained altar of Trog.
  9957 | D:10     | Noticed a two-headed ogre
  9967 | D:10     | Killed a two-headed ogre
  9968 | D:10     | Reached XP level 11. HP: 39/66 MP: 11/11
 10435 | D:10     | Noticed Fannar
 10474 | D:10     | Killed Fannar
 10881 | D:11     | Found a transporter.
 10883 | D:11     | Noticed acidrain333's ghost (journeyman DEVM)
 10889 | D:11     | Noticed a cyan ugly thing
 10905 | D:11     | Killed a cyan ugly thing
 10928 | D:11     | Killed an unseen horror
 11017 | D:11     | Noticed a centaur warrior
 11034 | D:11     | Killed a centaur warrior
 11044 | D:11     | Found a gate leading to a gauntlet.
 11054 | Gauntlet | Entered a Gauntlet
 11054 | Gauntlet | Found a transporter.
 11054 | Gauntlet | Found a transporter.
 11073 | Gauntlet | Noticed a fire crab
 11205 | Gauntlet | Found a transporter.
 11234 | Gauntlet | Found a transporter.
 11241 | Gauntlet | Noticed a worldbinder
 11254 | Gauntlet | Found a transporter.
 11255 | Gauntlet | Found the ring of the Tortoise {AC+8}
 11268 | Gauntlet | Found a transporter.
 11352 | Gauntlet | Found a transporter.
 11367 | Gauntlet | Found a transporter.
 11369 | Gauntlet | Found a large runed translucent door.
 11370 | Gauntlet | Found a large runed translucent door.
 11370 | Gauntlet | Noticed a soul eater
 11371 | Gauntlet | Found a large runed translucent door.
 11371 | Gauntlet | Found a large runed translucent door.
 11385 | Gauntlet | Found a transporter.
 11394 | Gauntlet | Found a transporter.
 11397 | Gauntlet | Noticed a necromancer
 11402 | Gauntlet | Noticed a cacodemon
 11430 | Gauntlet | Found a large runed translucent door.
 11483 | Gauntlet | Found a transporter.
 11485 | Gauntlet | Found a large runed translucent door.
 11486 | Gauntlet | Found a large runed translucent door.
 11487 | Gauntlet | Found a large runed translucent door.
 11487 | Gauntlet | Found a large runed translucent door.
 11487 | Gauntlet | Found a runed translucent door.
 11487 | Gauntlet | Found a runed translucent door.
 11488 | Gauntlet | Found a large runed translucent door.
 11488 | Gauntlet | Found a large runed translucent door.
 11489 | Gauntlet | Found a large runed translucent door.
 11489 | Gauntlet | Found a large runed translucent door.
 11490 | Gauntlet | Found a large runed translucent door.
 11490 | Gauntlet | Found a large runed translucent door.
 11491 | Gauntlet | Found a runed translucent gate.
 11491 | Gauntlet | Found a runed translucent gate.
 11491 | Gauntlet | Found a runed translucent gate.
 11493 | Gauntlet | Found a transporter.
 11503 | Gauntlet | Found a transporter.
 11503 | Gauntlet | Found a transporter.
 11506 | Gauntlet | Found a transporter.
 11529 | Gauntlet | Found a transporter.
 11542 | Gauntlet | Found a large runed translucent door.
 11752 | Gauntlet | Killed a fire crab
 11778 | Gauntlet | Got a faintly glowing cloak
 11779 | Gauntlet | Identified the +0 cloak "Zelyix" {rPois Will++ Str+3
                  | Stlth+} (You found it in a Gauntlet)
 11826 | Gauntlet | Killed a soul eater
 11842 | Gauntlet | Got a pitted helmet
 11855 | Gauntlet | Identified the +2 helmet "Emomiurr" {Will+} (You found it
                  | in a Gauntlet)
 12059 | Gauntlet | Gained mutation: Your body sometimes deteriorates upon
                  | taking damage. [a cacodemon]
 12064 | Gauntlet | Gained mutation: Your mind is acute. (Int +2) [a cacodemon]
 12068 | Gauntlet | Gained mutation: Your spells are a little easier to cast,
                  | but a little less powerful. [a neqoxec]
 12071 | Gauntlet | Killed a cacodemon
 12071 | Gauntlet | Lost mutation: Your mind is acute. (Int +2) [a neqoxec]
 12072 | Gauntlet | Reached XP level 12. HP: 68/73 MP: 0/12
 12093 | Gauntlet | Got a wavering graven amulet
 12099 | Gauntlet | Identified the amulet "Ihisseqa" {RegenMP rF+ rC- Str+4
                  | Int+2} (You found it in a Gauntlet)
 12150 | Gauntlet | Lost mutation: Your body sometimes deteriorates upon taking
                  | damage. [potion of mutation]
 12150 | Gauntlet | Lost mutation: You expend magic power (3 MP) to strengthen
                  | your wands. [potion of mutation]
 12150 | Gauntlet | Lost mutation: Armour fits poorly on your strangely shaped
                  | body. [potion of mutation]
 12150 | Gauntlet | Lost mutation: Your spells are a little easier to cast, but
                  | a little less powerful. [potion of mutation]
 12150 | Gauntlet | Gained mutation: Your body sometimes deteriorates upon
                  | taking damage. [potion of mutation]
 12150 | Gauntlet | Gained mutation: Your spells are a little easier to cast,
                  | but a little less powerful. [potion of mutation]
 12150 | Gauntlet | Gained mutation: You evolve. [potion of mutation]
 12176 | Gauntlet | Noticed a minotaur
 12209 | Gauntlet | Killed a minotaur
 12222 | Gauntlet | Identified the Incunabulum of Ensnaring Arcane Weapons
 12222 | Gauntlet | Identified the Collected Works on Burning Air
 12429 | D:11     | Noticed Urug
 12474 | D:11     | Killed Urug
 12494 | D:11     | Noticed a two-headed ogre
 12503 | D:11     | Killed a two-headed ogre
 12878 | D:11     | Found a staircase to the Orcish Mines.
 12880 | D:11     | Found a transporter.
 12887 | D:11     | Found a staircase to the Lair.
 13008 | D:11     | Reached skill level 10 in Shields
 13157 | D:11     | Gained mutation: Your natural rate of healing is unusually
                  | fast. [evolution]
 13650 | D:11     | Killed acidrain333's ghost
 13651 | D:11     | Reached skill level 10 in Axes
 13804 | D:12     | You fall into a shaft and drop 1 floor!
 13962 | D:13     | Noticed a catoblepas
 13977 | D:13     | Killed a catoblepas
 14219 | D:13     | Noticed a two-headed ogre
 14229 | D:13     | Killed a two-headed ogre
 14230 | D:13     | Reached XP level 13. HP: 80/80 MP: 13/13
 14939 | D:12     | Reached skill level 10 in Fighting
 16035 | D:14     | Found a gate to the Vaults.
 16045 | D:14     | Found a flagged portal.
 16052 | Bailey   | Entered a bailey
 16447 | Bailey   | Reached skill level 10 in Armour
 16447 | Bailey   | Gained mutation: Your large and strong wings let you fly
                  | indefinitely. [Gargoyle growth]
 16447 | Bailey   | Reached XP level 14. HP: 91/91 MP: 14/14
 16492 | D:14     | Reached XP level 15. HP: 92/96 MP: 15/15
 17154 | D:15     | Entered Level 15 of the Dungeon
 17259 | D:15     | Noticed Josephine
 17297 | D:15     | Killed Josephine
 17362 | D:15     | Reached skill level 10 in Evocations
 17402 | D:15     | Gained mutation: You have a pair of small antennae on your
                  | head. [evolution]
 17402 | D:15     | Lost mutation: You evolve. [end of evolution]
 17403 | D:15     | Lost mutation: Your natural rate of healing is unusually
                  | fast. [potion of mutation]
 17403 | D:15     | Lost mutation: You have a pair of small antennae on your
                  | head. [potion of mutation]
 17403 | D:15     | Lost mutation: You are partially covered in icy blue
                  | scales. (AC +2) [potion of mutation]
 17403 | D:15     | Lost mutation: Your body sometimes deteriorates upon taking
                  | damage. [potion of mutation]
 17403 | D:15     | Lost mutation: Your spells are a little easier to cast, but
                  | a little less powerful. [potion of mutation]
 17403 | D:15     | Gained mutation: Armour fits poorly on your strangely
                  | shaped body. [potion of mutation]
 17403 | D:15     | Gained mutation: Your flesh is cold resistant. (rC+)
                  | [potion of mutation]
 18272 | D:15     | Got an ancient flail
 18273 | D:15     | Identified the +4 flail of Untruth {protect, rElec Int-3
                  | Dex+3} (You found it on level 15 of the Dungeon)
 18444 | D:15     | Found a staircase to the Depths.
 18716 | Orc:1    | Entered Level 1 of the Orcish Mines
 18786 | Orc:1    | Noticed Jorgrun
 18824 | Orc:1    | Killed Jorgrun
 19638 | Orc:1    | Found a roughly hewn altar of Beogh.
 19888 | Orc:2    | Entered Level 2 of the Orcish Mines
 21684 | Orc:2    | Noticed Saint Roka
 21728 | Orc:2    | HP: 6/147 [Saint Roka/+3 great sword of freezing (13)]
 21730 | Orc:2    | Killed Saint Roka
 22075 | Orc:2    | Found a roughly hewn altar of Beogh.
 22181 | Orc:2    | Found Jeul Gahihu's Armour Shoppe.
 22240 | Orc:2    | Reached XP level 16. HP: 83/104 MP: 16/16
 22349 | Orc:2    | Found Lipheka's Antique Weapon Boutique.
 22437 | Orc:2    | Bought a smouldering plate armour for 1148 gold pieces
 22448 | Orc:2    | Identified the +9 plate armour of a sewer {Int+2 Slay+2}
                  | (You bought it in a shop on level 2 of the Orcish Mines)
 22606 | Orc:2    | Found a roughly hewn altar of Beogh.
 22607 | Orc:2    | Found Ynaneonoi's Assorted Antiques.
 22660 | Orc:2    | Bought a wand of flame (25) for 23 gold pieces
 22660 | Orc:2    | Bought a scroll of enchant armour for 172 gold pieces
 22660 | Orc:2    | Bought a scroll of identify for 46 gold pieces
 22822 | Orc:2    | Found Xicesonu's Jewellery Shoppe.
 23328 | Orc:2    | Found a staircase to the Elven Halls.
 23400 | Lair:1   | Entered Level 1 of the Lair of Beasts
 23655 | Lair:1   | Noticed Gastronok
 23684 | Lair:1   | Killed Gastronok
 24342 | Lair:2   | Found a hole to the Spider Nest.
 26887 | Lair:4   | Found a staircase to the Shoals.
 27804 | Lair:5   | Got a pair of twisted boots
 27815 | Lair:5   | Identified the +2 pair of boots "Bamaon" {+Fly Will+} (You
                  | found it on level 5 of the Lair of Beasts)
 28133 | Lair:5   | Lost mutation: Your flesh is cold resistant. (rC+) [potion
                  | of mutation]
 28133 | Lair:5   | Lost mutation: Armour fits poorly on your strangely shaped
                  | body. [potion of mutation]
 28133 | Lair:5   | Gained mutation: You are weak. (Str -2) [potion of
                  | mutation]
 28133 | Lair:5   | Gained mutation: You evolve. [potion of mutation]
 28317 | Lair:6   | Entered Level 6 of the Lair of Beasts
 28532 | Lair:6   | Reached XP level 17. HP: 112/112 MP: 17/17
 29068 | Lair:6   | Found a viscous altar of Jiyva.
 29068 | Lair:6   | Found a staircase to the Slime Pits.
 29731 | Lair:6   | Reached skill level 15 in Fighting
 29777 | Lair:6   | Got a pair of smoking boots
 29789 | Lair:6   | Identified the +4 pair of boots of the Harp {Str+3 Dex+2}
                  | (You found it on level 6 of the Lair of Beasts)
 30277 | Spider:1 | Entered Level 1 of the Spider Nest
 31762 | Spider:2 | Noticed Frances
 31784 | Spider:2 | Killed Frances
 32460 | Spider:3 | Noticed Arachne
 32526 | Spider:3 | Killed Arachne
 32856 | Spider:3 | Reached skill level 15 in Shields
 32935 | Spider:3 | Reached XP level 18. HP: 120/120 MP: 18/18
 33487 | Spider:3 | Gained mutation: You are agile. (Dex +2) [evolution]
 33523 | Spider:4 | Entered Level 4 of the Spider Nest
 33627 | Spider:4 | HP: 6/120 [emperor scorpion (6)]
 34123 | Spider:4 | Gained mutation: You expend magic power (3 MP) to
                  | strengthen your wands. [evolution]
 34595 | Spider:4 | Got a gossamer rune of Zot
 34889 | Shoals:1 | Entered Level 1 of the Shoals
 34908 | Lair:4   | Bought the +12 mace of the Howling Hawk {vorpal, rF+} for
                  | 1570 gold pieces
 34910 | Lair:4   | Bought a bloodstained helmet for 313 gold pieces
 34911 | Lair:4   | Identified the +1 helmet of Philately {SInv} (You bought it
                  | in a shop on level 4 of the Lair of Beasts)
 35818 | Shoals:1 | Found a sparkling altar of Nemelex Xobeh.
 35930 | Shoals:1 | Noticed Nikola
 35952 | Shoals:1 | Killed Nikola
 36606 | Shoals:2 | You are sucked into a shaft and drop 1 floor!
 36936 | Shoals:3 | Noticed Polyphemus
 37026 | Shoals:3 | Killed Polyphemus
 37027 | Shoals:3 | Reached XP level 19. HP: 18/128 MP: 15/19
 37523 | Shoals:3 | Found Sitradaj's Jewellery Emporium.
 38087 | Shoals:4 | Entered Level 4 of the Shoals
 38948 | Shoals:4 | Gained mutation: You possess an exceptional clarity of
                  | mind. [evolution]
 39190 | Shoals:4 | Identified the ring of Fulocy {*Contam rElec rPois rCorr
                  | Int+4}
 39383 | Shoals:4 | Got a barnacled rune of Zot
 40701 | Elf:1    | Entered Level 1 of the Elven Halls
 40716 | Elf:1    | Reached skill level 5 in Maces & Flails
 40893 | Elf:1    | Found Lemugiru's One-of-a-Kind Books.
 41300 | Elf:1    | Identified the +7 trident of Voixig {vorpal, rF+ rN+}
 41918 | Elf:2    | Found Seigg's Antique Weapon Shoppe.
 42168 | Elf:2    | Found a large runed translucent door.
 42168 | Elf:2    | Found a large runed translucent door.
 42193 | Elf:2    | Found a large runed translucent door.
 42193 | Elf:2    | Found a large runed translucent door.
 42271 | Elf:2    | Reached XP level 20. HP: 130/136 MP: 20/20
 43306 | Elf:3    | Entered Level 3 of the Elven Halls
 43499 | Elf:3    | HP: 4/136 [deep elf annihilator/crystal spear (39)]
 43500 | Elf:3    | Noticed a Tzitzimitl
 43500 | Elf:3    | Slain by a deep elf blademaster

Illustrated notes

Levels and vault maps discovered:
D:1:      co_arrival_square_in_a_square_in_a_square, layout_basic,
          minmay_pentomino_r2
D:2:      layout_basic, kennysheep_decorative_pillar
D:3:      layout_basic
D:4:      minmay_angry_zag, layout_loops_ring
D:5:      layout_gridville, minmay_temple_entry_water_ring
D:6:      layout_loops_cross, grunt_qazlal_sundering, minivault_19,
          minmay_misc_feat_doors, uniq_pikel, uniq_edmund, uniq_maggie
D:7:      layout_cave_pods, chequers_mini_garden,
          hangedman_decor_clover_reticule
D:8:      layout_basic, minmay_fractal_squares_gapless_5
D:9:      layout_rooms, chequers_garden, kennysheep_generic_room_12
D:10:     layout_roguey, basic_altar, uniq_psyche, uniq_fannar
D:11:     layout_basic, erik_lair_orcish_takeover, orc_0_dummy,
          gammafunk_ghost_stat_death, gauntlet_entry_generic, uniq_urug
D:12:     layout_roguey
D:13:     layout_roguey, st_stairs_2, nrook_campfire,
          fake_guardian_serpent_vault
D:14:     layout_loops_ring, erik_vaults_1, enter_bailey_5, hex_medium,
          onia_ninara_dug_in_and_dangerous
D:15:     hangedman_depths_entry_civil_slaughter, layout_basic,
          hangedman_decor_lopped, uniq_josephine
Temple:   grunt_wide_crystal_templ
Lair:1:   layout_loops_ring, uniq_gastronok
Lair:2:   layout_cave_shapes, nicolae_spider_entry_non_spiders, minivault_19,
          st_stairs_5, nicolae_quartered_pool_super, infiniplex_staircase_pool
Lair:3:   layout_gridlike, beast_lair_carwin_11, grunt_megastairs_1
Lair:4:   layout_cave_shapes, elwin_shoals_entry_stream,
          minmay_lair_oklob_chamber
Lair:5:   layout_regular_city, serial_bayou_shore_a, infiniplex_staircase_pool_2
Lair:6:   grunt_lair_end_beastmaster, layout_layer_cave, slime_altar_1,
          minivault_11, serial_bayou_shore_b, lemuel_fruit_tree
Shoals:1: layout_shoals, hangedman_feature_mirror, uniq_nikola
Shoals:2: layout_shoals
Shoals:3: layout_shoals, serial_shops, shop, nicolae_shoals_circle_sea_wall,
          uniq_polyphemus
Shoals:4: shoals_end_grunt_garden, layout_shoals
Spider:1: layout_spider_delve, special_room [special_room_bee]
Spider:2: layout_spider_delve, special_room, nicolae_spider_circle_web,
          uniq_frances
Spider:3: layout_spider_delve, uniq_arachne
Spider:4: guppyfry_spider_rune
Orc:1:    nicolae_orc_accident_2, layout_caves, uniq_jorgrun
Orc:2:    pubby_orc_utopia
Elf:1:    elf_arrival_001, layout_rooms, hangedman_elven_crosses_minicolossus,
          nicolae_rare_books
Elf:2:    layout_geoelf_grid, serial_shops, shop_statue, st_stairs_8,
          hangedman_elf_disciples
Elf:3:    minmay_elf_hall_furrowed, layout_loops_corners

Skill      XL: |  1  2  3  4  5  6  7  8  9 10 11 12 13 14 15 16 17 18 19 20 |
---------------+-------------------------------------------------------------+-----
Throwing       | 1 |  1.9
Maces & Flails | 3 4 6 8 |  8.3
Evocations     | 1 2 4 5 6 7 8 9 10 11 12 13 | 13.7
Shields        | 4 5 6 8 9 10 11 12 13 15 16 17 18 | 18.0
Armour         | 4 6 7 8 9 10 11 12 | 12.9
Dodging        | 1 2 3 4 |  4.8
Fighting       | 4 5 6 7 9 11 13 14 16 17 18 | 18.3
Axes           | 4 6 8 9 10 11 12 13 14 | 14.5

Action                   |  1- 3 |  4- 6 |  7- 9 | 10-12 | 13-15 | 16-18 | 19-21 || total
-------------------------+-------+-------+-------+-------+-------+-------+-------++-------
Melee: Flail             |   147 |   256 |    51 |       |       |    39 |       ||   493
       Hand axe          |       |       |   205 |   749 |  1192 |  1747 |       ||  3893
       Mace              |       |       |       |       |       |   268 |   800 ||  1068
Throw: Dart              |       |    10 |       |       |       |       |       ||    10
Invok: Potion Petition   |       |       |     1 |     3 |     6 |     6 |       ||    16
       Call Merchant     |       |       |       |       |       |     3 |       ||     3
 Abil: Fly               |       |       |       |       |     1 |       |       ||     1
       Stop Flying       |       |       |       |       |       |       |     1 ||     1
Evoke: Wand              |       |       |    10 |    12 |    19 |    13 |     4 ||    58
       Phial of floods   |       |       |       |       |     3 |     1 |     1 ||     5
       Phantom mirror    |       |       |       |       |       |     1 |       ||     1
  Use: Scroll            |     2 |     9 |       |     9 |     7 |    17 |     3 ||    47
       Potion            |     1 |     3 |     7 |    10 |    12 |    12 |     2 ||    47
 Stab: Distracted        |       |       |     1 |     4 |     9 |    27 |    14 ||    55
       Paralysed         |       |       |     5 |       |     7 |     2 |       ||    14
       Invisible         |       |       |     2 |     1 |       |    40 |       ||    43
       Petrified         |       |       |       |       |       |    27 |       ||    27
       Petrifying        |       |       |       |       |       |     4 |       ||     4
Armor: Scale mail        |    95 |    80 |       |   110 |   359 |     5 |       ||   649
       Plate armour      |       |   105 |   172 |   235 |       |  1197 |   389 ||  2098
Dodge: Dodged            |    46 |    61 |    37 |   109 |   295 |   645 |   218 ||  1411
Block: Kite shield       |    92 |   152 |   147 |   456 |   685 |  1982 |   790 ||  4304
       Reflection        |       |       |       |     8 |       |       |       ||     8
